 Dungeon Crawl Stone Soup version 0.21.0-3-g78d12a8 (webtiles) character file.

627 inmateoo the Insei (level 7, -4/51 HPs)
             Began as a Barachi Venom Mage on Jan 9, 2018.
             Slain by a sky beast (6 damage)
             ... on level 5 of the Dungeon.
             The game lasted 00:10:11 (4950 turns).

inmateoo the Insei (Barachi Venom Mage)             Turns: 4950, Time: 00:10:12

Health: -4/51      AC: 12    Str: 10    XL:     7   Next: 47%
Magic:  11/11      EV: 10    Int: 16    God:
Gold:   271        SH:  0    Dex: 18    Spells: 6/12 levels left

rFire    . . .     SeeInvis .     - Unarmed
rCold    . . .     Gourm    .   (no shield)
rNeg     . . .     Faith    .   g - +0 chain mail (curse)
rPois    .         Spirit   .   f - +0 helmet
rElec    .         Reflect  .   i - +1 cloak
rCorr    +         Harm     .   (no gloves)
MR       .....                  (no boots)
Stlth    ..........             (no amulet)
HPRegen  0.17/turn              s - ring of resist corrosion
MPRegen  0.12/turn              (no ring)

@: agile, can't hop, drained, slow
A: +LOS, swims, slowness 1, strong legs 1
a: Hop


You were on level 5 of the Dungeon.
You were hungry.

You visited 1 branch of the dungeon, and saw 5 of its levels.
You also visited: Ossuary.

You collected 271 gold pieces.

Inventory:

Hand Weapons
 j - a +2 whip of electrocution
 k - a +0 blowgun
 l - a +0 spear
Missiles
 m - 9 poisoned needles
Armour
 f - a +0 helmet (worn)
 g - a cursed +0 chain mail (worn)
 i - a +1 cloak (worn)
Jewellery
 s - a ring of resist corrosion (left hand)
Scrolls
 h - a scroll of fear
 o - 4 scrolls of remove curse
 r - a scroll of teleportation
Potions
 a - a potion of magic
 d - a potion of flight
Books
 b - a Young Poisoner's Handbook

   Spells                             Type                      Level
   a - Sting                          Conjuration/Poison           1
   b - Poisonous Vapours              Poison/Air                   2
   c - Mephitic Cloud                 Conjuration/Poison/Air       3
   d - Olgreb's Toxic Radiance        Poison                       4
   e - Venom Bolt                     Conjuration/Poison           5
Comestibles
 c - 6 rations
 p - 4 chunks of flesh


   Skills:
 + Level 2.9(2.6) Fighting
 + Level 2.8(2.5) Armour
 + Level 3.6(3.2) Dodging
 - Level 1.7(1.4) Stealth
 * Level 5.9(5.5) Unarmed Combat
 - Level 3.0(2.6) Spellcasting
 - Level 1.1(0.7) Conjurations
 - Level 4.0(3.6) Poison Magic


You had 6 spell levels left.
You knew the following spells:

 Your Spells              Type           Power        Failure   Level  Hunger
a - Sting                 Conj/Pois      #...         99%         1    #......
b - Poisonous Vapours     Pois/Air       #.....       100%        2    ##.....
c - Mephitic Cloud        Conj/Pois/Air  #.......     100%        3    ###....


Dungeon Overview and Level Annotations

Branches:
Dungeon (5/15)
 Temple: D:4-7

Altars:
Elyvilon
Fedhas
Gozag
Ru
Trog
Zin

Annotations:
D:4 Daviar's ghost, novice HaFi


Innate Abilities, Weirdness & Mutations

Shadows flee at your approach. (+LOS)
You can swim through water.
You cover ground slowly.
You can hop short distances.


Message History

The sky beast is severely wounded.
The sky beast completely misses you.
You closely miss the sky beast.
The sky beast is severely wounded.
The sky beast hits you but does no damage.
You closely miss the sky beast.
The sky beast is severely wounded.
The sky beast barely misses you.
You closely miss the sky beast.
The sky beast is severely wounded.
You closely miss the sky beast.
The sky beast is severely wounded.
The sky beast flickers out of sight!
Deactivating autopickup; reactivate with Ctrl-A.
Something hits you but does no damage.
You closely miss something. Something hits you but does no damage.
You miss something. Something hits you.
* * * LOW HITPOINT WARNING * * *
Something shocks you.
You die...

. .♣..# #.#.!...#.# ..
(..# #.........#
.♣.♣..# #.#.⌠.⌠.#.#
......# #.........# #.#
#.#.....#.# #.###.#
#....)(...#
....<.###########(#####
.####........# ##{#
########.###@(#
#...((## #######


There were no monsters in sight!

Vanquished Creatures
  2 centaurs (D:5)
  An elf zombie (Ossuary)
  A centaur skeleton (D:4)
  An orc priest (D:3)
  An iguana (D:4)
  5 worker ants (D:4)
  A hound skeleton (D:4)
  3 gnolls
  7 adders
  2 oozes (D:3)
  An adder skeleton (D:5)
  3 dart slugs
  A leopard gecko (D:2)
  5 orcs
  2 giant cockroaches
  7 goblins
  7 hobgoblins
  A quokka (D:3)
  A ball python (D:4)
  5 bats
  8 frilled lizards
  11 hobgoblin zombies (Ossuary)
  A jackal skeleton (D:4)
  6 kobolds
  12 kobold zombies (Ossuary)
  3 orc zombies (Ossuary)
  A quokka skeleton (D:4)
  5 rats
104 creatures vanquished.

Vanquished Creatures (others)
  2 hounds (D:5)
  A worker ant (D:5)
3 creatures vanquished.

Grand Total: 107 creatures vanquished

Notes
Turn   | Place    | Note
-------+----------+-------------------------------------------
     0 | D:1      | inmateoo the Barachi Venom Mage began the quest for the Orb.
     0 | D:1      | Reached XP level 1. HP: 13/13 MP: 3/3
    69 | D:1      | Reached skill level 1 in Unarmed Combat
   396 | D:1      | Reached XP level 2. HP: 17/19 MP: 0/5
   495 | D:1      | Reached skill level 2 in Unarmed Combat
   913 | D:1      | Reached XP level 3. HP: 13/24 MP: 0/6
  1071 | D:2      | Reached skill level 3 in Unarmed Combat
  1359 | D:2      | Reached skill level 4 in Unarmed Combat
  1359 | D:2      | Reached XP level 4. HP: 26/30 MP: 4/7
  1416 | D:2      | Learned a level 2 spell: Poisonous Vapours
  1420 | D:2      | Learned a level 3 spell: Mephitic Cloud
  2338 | D:3      | Reached XP level 5. HP: 29/36 MP: 3/8
  2346 | D:3      | Reached skill level 1 in Armour
  2485 | D:3      | Reached skill level 1 in Fighting
  3243 | D:3      | Found a blossoming altar of Fedhas.
  3243 | D:3      | Found an opulent altar of Gozag.
  3251 | D:3      | Found a sacrificial altar of Ru.
  3329 | D:4      | Found a sand-covered staircase.
  3339 | Ossuary  | Entered an ossuary
  3482 | Ossuary  | Reached XP level 6. HP: 33/44 MP: 8/10
  3787 | D:4      | Reached skill level 5 in Unarmed Combat
  3811 | D:4      | Noticed Daviar's ghost (novice HaFi)
  4165 | D:4      | Found a bloodstained altar of Trog.
  4471 | D:4      | Found a glowing silver altar of Zin.
  4743 | D:4      | Reached XP level 7. HP: 47/50 MP: 11/11
  4867 | D:5      | Entered Level 5 of the Dungeon
  4896 | D:5      | Found a white marble altar of Elyvilon.
  4938 | D:5      | HP: 1/51 [something (5)]
  4950 | D:5      | HP: 2/51 [something (4)]
  4950 | D:5      | Slain by a sky beast

Skill      XL: |  1  2  3  4  5  6 |
---------------+-------------------+-----
Unarmed Combat | 1 2 4 5 |  5.9
Armour         | 1 2 |  2.8
Fighting       | 1 2 |  2.9
Dodging        | 3 |  3.6
Poison Magic   | 4 |  4.0
Spellcasting   | 3 |  3.0
Stealth        | |  1.7
Conjurations   | |  1.1

Action                   |  1- 3 |  4- 6 |  7- 9 || total
-------------------------+-------+-------+-------++-------
Melee: Unarmed           |    82 |    63 |    16 ||   161
       Whip              |       |   178 |    26 ||   204
       Punch             |       |     2 |       ||     2
 Cast: Sting             |    40 |    24 |       ||    64
       Poisonous Vapours |       |     1 |       ||     1
 Abil: Hop               |     1 |     4 |     2 ||     7
  Use: Scroll            |     3 |    11 |       ||    14
       Potion            |       |     2 |     4 ||     6
 Stab: Sleeping          |     2 |     1 |       ||     3
  Eat: Chunk             |     3 |     9 |       ||    12
       Ration            |       |     1 |       ||     1
Armor: Robe              |    17 |    60 |       ||    77
       Chain mail        |       |    13 |    30 ||    43
Dodge: Dodged            |    67 |   134 |    20 ||   221
